 Dungeon Crawl Stone Soup version 0.21-a0-91-ga5031da (webtiles) character file.

113 Grim the Poker (level 4, -4/33 HPs)
             Began as a Merfolk Skald on June 30, 2017.
             Slain by a gnoll
             ... wielding a +0 spear
              (10 damage)
             ... on level 2 of the Dungeon.
             The game lasted 00:08:01 (2452 turns).

Grim the Poker (Merfolk Skald)                      Turns: 2452, Time: 00:08:02

Health: -4/33      AC:  5    Str: 11    XL:     4   Next: 96%
Magic:  6/7        EV: 13    Int: 12    God:
Gold:   162        SH:  3    Dex: 12    Spells: 4/7 levels left

rFire    . . .     SeeInvis .   a - +0 spear
rCold    . . .     Gourm    .   (no shield)
rNeg     . . .     Faith    .   b - +0 leather armour
rPois    .         Spirit   .   (helmet restricted)
rElec    .         Reflect  +   (no cloak)
rCorr    .         Harm     .   (no gloves)
MR       .....                  j - +0 pair of boots
Stlth    +.........             l - +3 amulet of reflection
HPRegen  0.11/turn              (no ring)
MPRegen  0.10/turn              (no ring)

@: lethally poisoned (-4 -> -6), singing, drained
A: change form in water, swift swim, stealthy swim, horns 1, rugged brown scales
1, clumsy 1
a: no special abilities


You were on level 2 of the Dungeon.
You were not hungry.

You visited 1 branch of the dungeon, and saw 3 of its levels.

You collected 162 gold pieces.

Inventory:

Hand Weapons
 a - a +0 spear (weapon)
Armour
 b - a +0 leather armour (worn)
 j - a +0 pair of boots (worn)
 n - a +0 cloak
Jewellery
 l - a +3 amulet of reflection (around neck)
Wands
 p - a wand of flame (10/48)
Scrolls
 f - a scroll of immolation {unknown}
 g - 2 scrolls of remove curse {unknown}
 h - 3 scrolls of identify {unknown}
 i - a scroll of blinking {unknown}
 k - a scroll of random uselessness {unknown}
 o - a scroll of noise {unknown}
 r - 3 scrolls of fear {unknown}
Potions
 q - a potion of curing {unknown}
Books
 c - a book of Battle

   Spells                             Type                      Level
   a - Infusion                       Charms                       1
   b - Shroud of Golubria             Charms/Translocation         2
   c - Song of Slaying                Charms                       2
   d - Spectral Weapon                Hexes/Charms                 3
   e - Regeneration                   Charms/Necromancy            3
Comestibles
 d - 3 bread rations
 m - 2 fruits
 s - a chunk of flesh


   Skills:
 - Level 2.1 Fighting
 + Level 4.7(4.6) Polearms
 - Level 0.6(0.5) Armour
 + Level 4.5(4.4) Dodging
 - Level 2.0(1.9) Spellcasting
 + Level 4.2 Charms


You had 4 spell levels left.
You knew the following spells:

 Your Spells              Type           Power        Failure   Level  Hunger
a - Infusion              Chrm           ##..         6%          1    ##.....
b - Song of Slaying       Chrm           ##......     10%         2    ###....


Dungeon Overview and Level Annotations

Branches:
Dungeon (3/15)

Altars:


Innate Abilities, Weirdness & Mutations

You revert to your normal form in water.
You are very nimble and swift while swimming.
You are very stealthy in the water. (Stealth+)
You have a pair of small horns on your head.
You are partially covered in rugged brown scales. (AC +1, +3% HP)
You are clumsy. (Dex -2)


Message History

* * * LOW HITPOINT WARNING * * *
You barely miss the adder.
The adder is severely wounded.
You block the gnoll's attack. The adder bites you but does no damage.
You barely miss the adder. Your headbutt misses the adder.
The adder is severely wounded.
The gnoll hits you but does no damage. The adder bites you but does no damage.
Your leather armour prevents you from hitting the adder.
Your headbutt misses the adder.
The adder is severely wounded.
You feel sick. The adder bites you but does no damage.
The gnoll hits you but does no damage.
You barely miss the adder. Your headbutt misses the adder.
The adder is severely wounded.
The adder completely misses you. The gnoll closely misses you.
You closely miss the adder. Your headbutt misses the adder.
The adder is severely wounded.
The adder misses you.
The gnoll hits you from afar with a spear!
You die...

# ###### ##.# #.#.# #
#....# #.## #.#.# #
#....# ##.# #.#.# #
#....# ##.## #.#.# #
#....# ##...# #.#.# #
#....# #)...# #.#.# #
#....# ##..## #.#.. #
#....#####..))#####.###
# #.....@Sgw..........#
#
####.####...##########
#### #.#
#.>รท.........# ...#
#.# ############.# ...#
#.# ###'## ...# #.#
#.[... ...# #.# #.....
...# #.# #..... ...#
#.# #.....


You could see a worm, a gnoll and an adder.

Vanquished Creatures
  Crazy Yiuf (D:2)
  Jessica (D:2)
  An adder (D:2)
  A worm (D:2)
  2 leopard geckos
  2 giant cockroaches (D:1)
  A hobgoblin (D:2)
  6 jackals
  6 bats
  11 goblins
  5 kobolds
  4 rats
41 creatures vanquished.

Notes
Turn   | Place    | Note
-------+----------+-------------------------------------------
     0 | D:1      | Grim the Merfolk Skald began the quest for the Orb.
     0 | D:1      | Reached XP level 1. HP: 16/16 MP: 3/3
   276 | D:1      | Reached XP level 2. HP: 22/22 MP: 5/5
   966 | D:2      | Found a runed door.
  1141 | D:2      | Reached XP level 3. HP: 24/27 MP: 1/6
  1898 | D:2      | Noticed Jessica
  1906 | D:2      | Killed Jessica
  1906 | D:2      | Reached XP level 4. HP: 29/33 MP: 3/7
  2263 | D:2      | Learned a level 2 spell: Song of Slaying
  2263 | D:2      | Noticed Crazy Yiuf
  2276 | D:2      | Killed Crazy Yiuf
  2277 | D:2      | Gained mutation: You tend to lose your temper in combat. [potion of mutation]
  2277 | D:2      | Gained mutation: You are resistant to hostile enchantments. (MR+) [potion of mutation]
  2277 | D:2      | Gained mutation: Your flesh is cold resistant. (rC+) [potion of mutation]
  2408 | D:2      | Lost mutation: You tend to lose your temper in combat. [potion of mutation]
  2408 | D:2      | Lost mutation: You are resistant to hostile enchantments. (MR+) [potion of mutation]
  2408 | D:2      | Lost mutation: Your flesh is cold resistant. (rC+) [potion of mutation]
  2408 | D:2      | Gained mutation: You are clumsy. (Dex -2) [potion of mutation]
  2408 | D:2      | Gained mutation: You are partially covered in rugged brown scales. (AC +1, +3% HP) [potion of mutation]
  2408 | D:2      | Gained mutation: You have a pair of small horns on your head. [potion of mutation]
  2452 | D:2      | Slain by a gnoll

Vault maps used:
D:1:      minmay_arrival_glassed_features
D:2:      first_bread, uniq_crazy_yiuf_cottage, uniq_jessica
D:3:      lightli_temple_of_fire, chequers_temple_overflow_statue_of_worship,
          gammafunk_temple_overflow_forgotten

Skill      XL: |  1  2  3 |
---------------+----------+-----
Dodging        | 3 4 |  4.5
Polearms       | 4 |  4.7
Charms         | 4 |  4.2
Fighting       | |  2.1
Armour         | |  0.6
Spellcasting   | |  2.0

Action                   |  1- 3 |  4- 6 || total
-------------------------+-------+-------++-------
Melee: Spear             |   142 |    34 ||   176
 Cast: Infusion          |     9 |     2 ||    11
       Song of Slaying   |       |     1 ||     1
  Use: Potion            |       |     3 ||     3
 Stab: Sleeping          |     3 |     1 ||     4
  Eat: Chunk             |     3 |     2 ||     5
Armor: Leather armour    |    34 |     8 ||    42
Dodge: Dodged            |    78 |    23 ||   101
Block: Other             |     3 |     4 ||     7
